 Dungeon Crawl Stone Soup version 0.28-a0-794-gafe8c5f9e9 (webtiles) character file.

Game seed: 16496816707355163476

54 kae the Caller (level 3, 0/30 HPs)
             Began as a Tengu Summoner on Nov 5, 2021.
             Slain by an adder (4 damage)
             ... on level 3 of the Dungeon.
             The game lasted 00:02:33 (3098 turns).

kae the Caller (Tengu Summoner)                     Turns: 3098, Time: 00:02:34

Health: 0/30       AC: 21    Str:  6 (8)  XL:     3   Next: 91%
Magic:  2/7        EV:  2    Int: 13 (16) God:
Gold:   57         SH:  0    Dex: 11 (14) Spells: 3/6 levels left

rFire   . . .      SeeInvis .   d - +0 dagger
rCold   . . .      Faith    .   (no shield)
rNeg    . . .      Spirit   .   (armour currently unavailable)
rPois   +          Reflect  .   (helmet currently unavailable)
rElec   .          Harm     .   (cloak currently unavailable)
rCorr   .          Rampage  .   (gloves currently unavailable)
Will    .....      NoTele   +   (boots unavailable)
Stlth   ++........              (no amulet)
HPRegen 0.10/turn               (no ring)
MPRegen 0.10/turn               (no ring)

@: tree-form
A: stationary, stasis, torment immunity, boosted hp, (beak), (talons 3)
a: no special abilities


You were on level 3 of the Dungeon.
You were a tree.
You visited 1 branch of the dungeon, and saw 3 of its levels.

You collected 57 gold pieces.

Inventory:

Hand Weapons
 d - a +0 dagger (weapon)
Armour
 a - a +0 robe
 h - a +3 chain mail
 i - a +0 ring mail (melded)
 j - a +0 pair of gloves
Potions
 b - a potion of flight
 g - a potion of brilliance {unknown}


   Skills:
 + Level 1.2 Fighting
 + Level 0.6 Armour
 + Level 2.7 Dodging
 - Level 2.0 Stealth
 + Level 2.3 Spellcasting
 * Level 5.5 Summonings


You had 3 spell levels left.
You knew the following spells:

 Your Spells              Type           Power      Damage    Failure   Level
a - Summon Small Mammal   Summ           60%        N/A       2%          1
b - Call Imp              Summ           15%        N/A       3%          2

Your spell library contained the following spells:

 Spells                   Type           Power      Damage    Failure   Level
 Call Canine Familiar     Summ           15%        N/A       8%          3
 Summon Guardian Golem    Hex/Summ       8%         N/A       24%         3
 Summon Lightning Spire   Summ/Air       8%         N/A       61%         4


Dungeon Overview and Level Annotations

Branches:
Dungeon (3/15)

Altars:

Shops:
D:2 [


Innate Abilities, Weirdness & Mutations

You are a tree.
Your roots penetrate the ground, keeping you stationary.
You cannot be teleported.
You are immune to unholy pain and torment.
Your maximum health is greatly increased.
Your equipment is partially melded.
((You have a beak for a mouth.))
((You have claws for feet.))


Message History

You closely miss the adder.
The adder is lightly wounded.
The adder barely misses you. The adder bites you but does no damage.
The orc hits you with a +0 hand axe.
* * * LOW HITPOINT WARNING * * *
The orc barely misses your shadow imp.
Your shadow imp barely misses the orc.
It was a potion of lignification.
You turn into a tree.
Your +0 ring mail melds into your body.
Your roots penetrate the ground.
The adder bites you but does no damage.
Your shadow imp closely misses the orc.
The orc hits you but does no damage.
The orc hits your shadow imp with a +0 hand axe.
You closely miss the adder.
The adder is lightly wounded.
The adder bites you but does no damage. The orc hits you but does no damage.
The orc barely misses your shadow imp.
Your shadow imp barely misses the orc.
You miss the adder.
The adder is lightly wounded.
The adder bites you but does no damage. x2
The orc hits you but does no damage. The orc barely misses your shadow imp.
Your shadow imp barely misses the orc.
You barely miss the adder.
The adder is lightly wounded.
The adder bites you but does no damage. The orc hits you but does no damage.
The orc closely misses your shadow imp.
Your shadow imp barely misses the orc.
You hit the adder.
The adder is lightly wounded.
The adder bites you but does no damage.
Your shadow imp hits the orc.
The orc hits you but does no damage.
The orc hits your shadow imp with a +0 hand axe.
Your shadow imp dies!
Your shadow imp disappears in a puff of smoke!
You barely miss the adder.
The adder is lightly wounded.
The adder bites you but does no damage. The orc hits you with a +0 hand axe.
* * * LOW HITPOINT WARNING * * *
The adder bites you but does no damage.
You closely miss the adder.
The adder is lightly wounded.
The adder bites you.
You die...

.......#..o..#
#####.....####
#........#
#........#
#....†...#####
#######o##o...#
#.....S.##S##.#
#.########o##.#
#.##.gooS♣.#..#
#....#######.##
#######.#####.#
#.............#
#.####.....####
.#####..###
.......<#
#########


You could see an adder, 4 orcs, a goblin and a ball python.

Vanquished Creatures
  A worm (D:3)
  3 dart slugs
  3 endoplasms
  3 goblins
  A hobgoblin (D:2)
  3 jackals (D:2)
  A quokka (D:3)
  2 ball pythons
  3 bats
  A frilled lizard (D:1)
  2 kobolds (D:2)
  5 rats
28 creatures vanquished.

Vanquished Creatures (collateral kills)
  An adder (D:2)
  An orc (D:3)
  A bat (D:2)
  An endoplasm (D:1)
  A goblin (D:1)
  A hobgoblin (D:1)
  A frilled lizard (D:2)
  2 kobolds (D:1)
9 creatures vanquished.

Grand Total: 37 creatures vanquished

Notes
Turn   | Place    | Note
-------+----------+-------------------------------------------
     0 | D:1      | kae the Tengu Summoner began the quest for the Orb.
     0 | D:1      | Reached XP level 1. HP: 10/10 MP: 4/4
   286 | D:1      | Reached skill level 5 in Summonings
   291 | D:1      | Reached XP level 2. HP: 12/16 MP: 6/6
  1239 | D:2      | Found Afuesch's Antique Armour Shop.
  1547 | D:1      | Learned a level 2 spell: Call Imp
  1729 | D:2      | Reached XP level 3. HP: 16/20 MP: 4/7
  1816 | D:2      | Reached skill level 1 in Fighting
  2041 | D:2      | Found a faded altar of an unknown god.
  3098 | D:3      | Slain by an adder

Illustrated notes

Levels and vault maps discovered:
D:1:      minmay_arrival_wavy_path, layout_rooms
D:2:      layout_basic, serial_shops, nicolae_diamond_shop,
          hellmonk_ecumenical_altar_blasted, minmay_quantized
D:3:      layout_basic, uniq_sigmund, uniq_ijyb, uniq_robin

Skill      XL: |  1  2  3 |
---------------+----------+-----
Summonings     | 5 |  5.5
Fighting       | 1 |  1.2
Armour         | |  0.6
Dodging        | |  2.7
Stealth        | |  2.0
Spellcasting   | |  2.3

Action                   || total
-------------------------++-------
Melee: Dagger            ||   132
       Unarmed           ||     9
       Kick              ||    36
       Peck              ||    15
 Cast: Summon Small Mamm ||    29
       Call Imp          ||    14
  Use: Scroll            ||     3
       Potion            ||     3
 Stab: Distracted        ||     1
       Sleeping          ||     1
Armor: Robe              ||     4
       Ring mail         ||    51
       Skin              ||    13
Dodge: Dodged            ||    91

Table legend: (Time is in decaauts)
 A = Elapsed time spent in this place.
 B = Non-inter-level travel time spent in this place.
 C = Inter-level travel time spent in this place.
 D = Time resting spent in this place.
 E = Time spent auto-exploring this place.
 F = Levels seen in this place.
 G = Mean time per level.
                   A        B        C        D        E       F      G
               +--------+--------+--------+--------+--------+-----+--------+
         Total |   3099 |   3022 |     77 |    103 |   2365 |   3 | 1033.0 |
       Dungeon |   3099 |   3022 |     77 |    103 |   2365 |   3 | 1033.0 |
               +--------+--------+--------+--------+--------+-----+--------+

Top non-repeatable levels by time:
     D:2: 1709 daAuts
     D:1: 1258 daAuts
     D:3: 130 daAuts
